 Dungeon Crawl Stone Soup version 0.28-a0-1241-gf280a0fbb2 (webtiles) character file.

Game seed: 2604326405669924221

137 Grim the Chucker (level 5, 0/54 HPs)
             Began as an Ogre Hunter on Dec 26, 2021.
             Succumbed to Crazy Yiuf's poison
             ... on level 2 of the Dungeon.
             The game lasted 00:05:28 (2599 turns).

Grim the Chucker (Ogre Hunter)                      Turns: 2599, Time: 00:05:29

Health: 0/54       AC:  3    Str: 18    XL:     5   Next: 20%
Magic:  5/5        EV:  9    Int: 18    God:
Gold:   30         SH:  0    Dex:  9    Spells: 4/4 levels left

rFire   . . .      SeeInvis .   e - +0 mace
rCold   . . .      Faith    .   (no shield)
rNeg    . . .      Spirit   .   b - +0 robe
rPois   .          Reflect  .   (helmet restricted)
rElec   .          Harm     .   (no cloak)
rCorr   .          Rampage  .   (gloves unavailable)
Will    .....                   (boots unavailable)
Stlth   ++........              (no amulet)
HPRegen 0.18/turn               f - +6 ring of intelligence
MPRegen 0.09/turn               (no ring)

@: mighty, lethally poisoned (0 -> -4), attractive, flying
A: large, unfitting armour, tough skin 1
a: no special abilities


You were on level 2 of the Dungeon.
You visited 1 branch of the dungeon, and saw 2 of its levels.

You collected 30 gold pieces.

Inventory:

Hand Weapons
 a - a +0 short sword
 e - a +0 mace (weapon)
Missiles
 c - 2 large rocks (quivered)
 k - 54 stones
Armour
 b - a +0 robe (worn)
Jewellery
 f - a +6 ring of intelligence (left hand)
 h - a ring of ice
Scrolls
 j - a scroll of identify {unknown}
 l - 2 scrolls of immolation {unknown}
Potions
 g - a potion of might


   Skills:
 + Level 3.9 Fighting
 * Level 2.5 Maces & Flails
 + Level 4.5 Throwing
 - Level 1.7 Dodging
 + Level 1.7 Stealth


You had 4 spell levels left.
You didn't know any spells.
Your spell library was empty.

Dungeon Overview and Level Annotations

Branches:
Dungeon (2/15)

Altars:

Shops:
D:2 *(=*


Innate Abilities, Weirdness & Mutations

You are too large for most types of armour.
You have tough skin. (AC +1)


Message History

You hit Crazy Yiuf but do no damage.
Crazy Yiuf is severely wounded.
Crazy Yiuf drinks a potion.
Crazy Yiuf goes berserk!
You hit Crazy Yiuf.
Crazy Yiuf is severely wounded.
Crazy Yiuf barely misses you.
Crazy Yiuf hits you with a +2 quarterstaff of chaos!
You feel drained.
You barely miss Crazy Yiuf.
Crazy Yiuf is severely wounded.
Crazy Yiuf hits you with a +2 quarterstaff of chaos!
* * * LOW HITPOINT WARNING * * *
You are poisoned.
Crazy Yiuf hits you with a +2 quarterstaff of chaos!
* * * LOW HITPOINT WARNING * * *
Okay, then.
Throw: 3 large rocks
Press: ? - help, Q - select action, (/) - cycle Shift-Dir - straight line, f/p - Crazy Yiuf
Aim: Crazy Yiuf, wielding a +2 quarterstaff of chaos and wearing a +1 cloak (severely wounded, berserk, 61% to hit)
You throw a large rock. The large rock hits Crazy Yiuf!!
You kill Crazy Yiuf!
* * * LOW HITPOINT WARNING * * *
You feel very sick.
Your life force feels restored.
You have reached level 5!
It was a potion of might.
You feel very mighty all of a sudden.
* * * LOW HITPOINT WARNING * * *
You feel sick.
It was a potion of attraction.
You feel attractive to monsters.
* * * LOW HITPOINT WARNING * * *
You feel sick.
It was a potion of flight.
You feel very buoyant.
You fly up into the air.
* * * LOW HITPOINT WARNING * * *
You feel sick.
Unknown command.
You die...

##.#.##.# #..#.##.#
##### ##.#..[.#####
#)..# #...........
#...# #...##..####
.(. ###.....# # #(#
#####.## # ♣.♣♣
###..### ♣♣@♣
######....##. ♣.♣♣
#......##.##. ♣♣.♣
#......##..'. ♣♣.♣♣
#.......#..#. ♣♣...♣
#.......##.#( ♣.)..♣
#.......##.## #....#
###.....##..#
#....#####.....#....
#...#...##.....#....


There were no monsters in sight!

Vanquished Creatures
  Crazy Yiuf (D:2)
  An iguana (D:2)
  3 adders (D:2)
  A worm (D:2)
  A dart slug (D:2)
  A bat (D:2)
  6 endoplasms
  6 goblins
  5 hobgoblins
  5 kobolds
  3 quokkas
  5 ball pythons
  6 frilled lizards (D:1)
  5 rats
49 creatures vanquished.

Notes
Turn   | Place    | Note
-------+----------+-------------------------------------------
     0 | D:1      | Grim the Ogre Hunter began the quest for the Orb.
     0 | D:1      | Reached XP level 1. HP: 22/22 MP: 1/1
   386 | D:1      | Reached XP level 2. HP: 10/29 MP: 2/2
   635 | D:1      | Reached skill level 1 in Stealth
   767 | D:1      | Reached skill level 1 in Maces & Flails
  1125 | D:1      | Reached XP level 3. HP: 37/37 MP: 3/3
  1535 | D:2      | Reached XP level 4. HP: 16/45 MP: 4/4
  2049 | D:2      | Found Ziax's Assorted Antiques.
  2054 | D:2      | Found a faded altar of an unknown god.
  2373 | D:2      | Found a runed translucent door.
  2374 | D:2      | Noticed Crazy Yiuf
  2411 | D:2      | Found Jokhik's General Store.
  2497 | D:2      | Found Carinn's Weapon Shoppe.
  2512 | D:2      | Found Zamae's Jewellery Shop.
  2595 | D:2      | Killed Crazy Yiuf
  2596 | D:2      | Reached XP level 5. HP: 5/54 MP: 5/5
  2597 | D:2      | HP: 1/54 [poisoned by Crazy Yiuf]
  2599 | D:2      | Succumbed to Crazy Yiuf's poison

Illustrated notes

Levels and vault maps discovered:
D:1:      sevenhm_arrival_forest_fort_small_4, layout_basic
D:2:      layout_basic, serial_shops, shop, nicolae_shop_bloodbath_and_beyond,
          nicolae_shop_crystal, shop, ebering_ecumenical_altar_ruins,
          minmay_diced_spiral, uniq_crazy_yiuf_cottage

Skill      XL: |  1  2  3  4 |
---------------+-------------+-----
Fighting       | 3 |  3.9
Stealth        | 1 |  1.7
Maces & Flails | 1 2 |  2.5
Throwing       | |  4.5
Dodging        | |  1.7

Action                   |  1- 3 |  4- 6 || total
-------------------------+-------+-------++-------
Melee: Mace              |    86 |    40 ||   126
Throw: Large rock        |    11 |    20 ||    31
       Throwing net      |     2 |       ||     2
       Stone             |       |     3 ||     3
  Use: Potion            |       |     3 ||     3
 Stab: Sleeping          |     3 |       ||     3
Armor: Robe              |    17 |    12 ||    29
Dodge: Dodged            |    36 |    32 ||    68

Table legend: (Time is in decaauts)
 A = Elapsed time spent in this place.
 B = Non-inter-level travel time spent in this place.
 C = Inter-level travel time spent in this place.
 D = Time resting spent in this place.
 E = Time spent auto-exploring this place.
 F = Levels seen in this place.
 G = Mean time per level.
                   A        B        C        D        E       F      G
               +--------+--------+--------+--------+--------+-----+--------+
         Total |   2666 |   2665 |      1 |    823 |   1400 |   2 | 1333.0 |
       Dungeon |   2666 |   2665 |      1 |    823 |   1400 |   2 | 1333.0 |
               +--------+--------+--------+--------+--------+-----+--------+

Top non-repeatable levels by time:
     D:1: 1519 daAuts
     D:2: 1147 daAuts
